 Dungeon Crawl Stone Soup version 0.14-a0-2950-gbe29d66 (webtiles) character file.

104 Jenx the Cudgeler (level 4, 27/28 HPs)
             Began as a Gargoyle Berserker on Mar 3, 2014.
             Was a Believer of Trog.
             Quit the game on Level 2 of the Dungeon on Aug 20, 2014.
             The game lasted 00:04:49 (1062 turns).

Jenx the Cudgeler (Gargoyle Berserker)              Turns: 1062, Time: 00:04:49

HP  27/28        AC 11     Str 20      XL: 4   Next: 13%
MP   4/4         EV  8     Int  8      God: Trog [**....]
Gold 39          SH  0     Dex 10      Spells:  0 memorised,  3 levels left

rFire  . . .     SeeInvis .     a - +0 mace
rCold  . . .     Clarity  .     l - +0 scale mail
rNeg   + . .     Conserve .     (no shield)
rPois  +         rCorr    .     (no helmet)
rElec  +         rRot     +     (no cloak)
SustAb . .       Spirit   .     m - +0 pair of elf gloves
rMut   .         Warding  .     (no boots)
Saprov . . .     Stasis   .     (no amulet)
MR     .....                    (no ring)
                                f - ring of flight

@: not resistant to hostile enchantments, extremely unstealthy
A: life protection 1, electricity resistance, unbreathing, petrification
resistance, AC +3
a: Burn Spellbooks, Berserk, Trog's Hand, Renounce Religion, Evoke Flight


You were on level 2 of the Dungeon.
You worshipped Trog.
Trog was pleased with you.
You were hungry.

You visited 1 branch of the dungeon, and saw 2 of its levels.

You collected 39 gold pieces.

Inventory:

Hand weapons
 a - a +0,+0 mace (weapon)
Armour
 l - a +0 scale mail (worn)
 m - a +0 pair of elven gloves (worn)
Comestibles
 c - a bread ration
Scrolls
 b - a scroll of remove curse {unknown}
 d - 3 scrolls of identify {unknown}
 e - a scroll of enchant weapon I {unknown}
 g - 2 scrolls of fear {unknown}
 j - a scroll of blinking {unknown}
 k - a scroll of random uselessness {unknown}
Jewellery
 f - a ring of flight (left hand)
Potions
 h - 2 potions of curing {unknown}
 i - a potion of poison {unknown}


   Skills:
 - Level 3.2 Fighting
 * Level 5.3 Maces & Flails
 - Level 2.1 Armour
 - Level 1.5 Dodging


You had 3 spell levels left.
You didn't know any spells.

Dungeon Overview and Level Annotations

Branches:
Dungeon (2/16)

Altars:


Innate Abilities, Weirdness & Mutations

You are resistant to torment.
You are immune to poison.
Your stone body is very resilient (AC +3).
You resist negative energy.
You are resistant to electric shocks.
You can survive without breathing.
You are immune to petrification.


Message History

Trog accepts your kill.
You see here a club.
e - a scroll labeled VEUFIOZEA A goblin comes into view.
The goblin shouts!
You see here a pair of elven gloves.
m - a pair of elven gloves Wear which item? (? for menu, Esc to quit)
You start putting on your armour.
You continue putting on your pair of elven gloves.
You finish putting on your +0 pair of elven gloves.
You miss the goblin. The goblin hits you but does no damage.
You sock the goblin!
You kill the goblin!
Trog accepts your kill.
Save game and exit?
Welcome back, Jenx the Gargoyle Berserker.
Trog says: Kill them all!
Press ? for a list of commands and other information.
Are you sure you want to abandon this character and quit the game? (Confirm with "yes".)

#.......# #.......#
#########.......#
#.......#.......#
#.......#.......#
#.......#...[...####
#.......#.......##..
#..@....#.>.........
#.......#.......##..
#.......##.####.)...
#.......##.# #.####
#..........# #.# #
#.......##.# #.# #
#.......##.# #.# #
##.#######.# #.# .
#. ... ..# .


There were no monsters in sight!

Vanquished Creatures
  An adder (D:2)
  An ooze (D:1)
  3 giant cockroaches (D:1)
  8 hobgoblins
  2 jackals (D:2)
  7 kobolds
  A ball python (D:1)
  7 bats
  5 giant geckos
  4 giant newts
  5 goblins
  4 rats
48 creatures vanquished.

Notes
Turn   | Place    | Note
--------------------------------------------------------------
     0 | D:1      | Jenx, the Gargoyle Berserker, began the quest for the Orb.
     0 | D:1      | Reached XP level 1. HP: 14/14 MP: 1/1
   135 | D:1      | Reached XP level 2. HP: 16/19 MP: 2/2
   142 | D:1      | Reached skill level 4 in Maces & Flails
   229 | D:1      | Acquired Trog's second power
   266 | D:1      | Upgraded the game from 0.14-a0-2939-ge0b1554 to 0.14-a0-2950-gbe29d66
   353 | D:1      | Reached XP level 3. HP: 16/23 MP: 3/3
   840 | D:2      | Reached skill level 5 in Maces & Flails
   919 | D:2      | Reached XP level 4. HP: 17/28 MP: 4/4
  1062 | D:2      | Quit the game

Action                   |  1- 3 |  4- 6 || total
-------------------------+-------+-------++-------
Melee: Mace              |   142 |    29 ||   171
